 Dungeon Crawl Stone Soup version 0.20.1-1-g8b1a95d (webtiles) character file.

307 tmwrnj the Chopper (level 6, 0/53 HPs)
             Began as a Hill Orc Fighter on July 6, 2017.
             Was an Initiate of Beogh.
             Slain by a phantom (7 damage)
             ... on level 4 of the Dungeon.
             The game lasted 00:07:14 (2699 turns).

tmwrnj the Chopper (Hill Orc Fighter)               Turns: 2699, Time: 00:07:15

Health: 0/53       AC: 13    Str: 20    XL:     6   Next: 40%
Magic:  6/6        EV:  6    Int:  8    God:    Beogh [......]
Gold:   146        SH:  9    Dex: 11    Spells: 5/5 levels left

rFire    . . .     SeeInvis .   a - +0 war axe
rCold    . . .     Gourm    .   c - +0 shield
rNeg     . . .     Faith    .   t - +0 chain mail
rPois    .         Spirit   .   j - +0 helmet
rElec    .         Reflect  .   q - +0 cloak
rCorr    .         Harm     .   A - +0 pair of gloves
MR       .....                  (no boots)
Stlth    ..........             (no amulet)
Regen    0.2/turn               (no ring)
MPRegen  0.1/turn               (no ring)

@: no status effects
A: no striking features
a: Renounce Religion


You were on level 4 of the Dungeon.
You worshipped Beogh.
Beogh was noncommittal.
You were not hungry.

You visited 1 branch of the dungeon, and saw 5 of its levels.

You collected 146 gold pieces.

Inventory:

Hand Weapons
 a - a +0 war axe (weapon)
Armour
 c - a +0 shield (worn)
 j - a +0 helmet (worn)
 q - a +0 cloak (worn)
 t - a +0 chain mail (worn)
 A - a +0 pair of gloves (worn)
Jewellery
 h - an uncursed amulet of the gourmand {unknown}
 i - an uncursed ring of poison resistance {unknown}
 m - an uncursed ring of see invisible {unknown}
 y - an uncursed ring of protection from cold {unknown}
Wands
 v - a wand of digging (10/24)
Scrolls
 e - 4 scrolls of identify {unknown}
 k - 4 scrolls of teleportation {unknown}
 l - 2 scrolls of random uselessness {unknown}
 n - a scroll of enchant armour {unknown}
 p - a scroll of blinking {unknown}
 r - a scroll of fear {unknown}
 u - 2 scrolls of immolation {unknown}
 x - a scroll of remove curse {unknown}
Potions
 b - a potion of mutation {unknown}
 d - 2 potions of might
 o - a potion of flight {unknown}
Books
 w - the Compendium of the Freezing Mountains
   (You found it on level 4 of the Dungeon)

   Spells                             Type                      Level
   a - Sandblast                      Earth                        1
   b - Freeze                         Ice                          1
   c - Passwall                       Transmutation/Earth          2
   d - Iron Shot                      Conjuration/Earth            6
   e - Ozocubu's Refrigeration        Ice                          6
Comestibles
 f - a bread ration
 g - 4 fruits
 s - a meat ration
 z - a chunk of flesh


   Skills:
 + Level 4.7 Fighting
 + Level 5.8 Axes
 + Level 4.1 Armour
 + Level 1.2 Dodging
 + Level 4.4 Shields


You had 5 spell levels left.
You didn't know any spells.

Dungeon Overview and Level Annotations

Branches:
Dungeon (5/15)
 Temple: D:4-7

Altars:


Message History

You closely miss the phantom.
The phantom blinks!
The sky beast hits you but does no damage.
You block the phantom's attack.
You closely miss the sky beast.
The sky beast is moderately wounded.
You hit the phantom. You block the sky beast's attack. The phantom hits you!
* * * LOW HITPOINT WARNING * * *
You miss the sky beast.
The sky beast is moderately wounded.
You hit the phantom.
The sky beast hits you but does no damage.
The phantom blinks!
You block the sky beast's attack.
You barely miss the phantom.
The phantom is heavily damaged.
You slash the sky beast! You block the phantom's attack.
The sky beast hits you but does no damage.
You completely miss the phantom.
The phantom is heavily damaged.
You barely miss the sky beast. The phantom hits you!
You die...

############
#.!........#
#.########.#
#.# #.# #W#
#Y# #≈# #@#
#.# #W# #.#
#.#
#######.#
#.#
......$>#
#.#
........#
..#
#######.#
### #.# #.#


You could see a phantom and a sky beast.

Vanquished Creatures
  A scorpion (D:4)
  2 hounds (D:4)
  3 orc wizards (D:3)
  An adder (D:2)
  An adder skeleton (D:4)
  A worm (D:3)
  4 dart slugs
  2 leopard geckos (D:3)
  16 orcs
  2 ball pythons (D:1)
  4 bats
  4 giant cockroaches
  8 goblins
  9 hobgoblins
  4 quokkas
  3 frilled lizards
  4 kobolds
  6 rats
75 creatures vanquished.

Notes
Turn   | Place    | Note
-------+----------+-------------------------------------------
     0 | D:1      | tmwrnj the Hill Orc Fighter began the quest for the Orb.
     0 | D:1      | Reached XP level 1. HP: 19/19 MP: 1/1
   358 | D:1      | Reached XP level 2. HP: 27/27 MP: 2/2
   642 | D:1      | Reached skill level 3 in Axes
   908 | D:2      | Reached XP level 3. HP: 31/33 MP: 3/3
  1522 | D:3      | Reached XP level 4. HP: 39/40 MP: 4/4
  1561 | D:3      | Reached skill level 4 in Axes
  1859 | D:3      | Reached XP level 5. HP: 38/47 MP: 5/5
  2301 | D:3      | Became a worshipper of Beogh the Brigand
  2500 | D:4      | Reached skill level 5 in Axes
  2500 | D:4      | Reached skill level 1 in Dodging
  2500 | D:4      | Reached XP level 6. HP: 46/53 MP: 6/6
  2553 | D:4      | Identified the Compendium of the Freezing Mountains
  2631 | D:4      | Noticed a sky beast
  2669 | D:5      | Entered Level 5 of the Dungeon
  2669 | D:5      | Noticed a phantom
  2699 | D:4      | Slain by a phantom

Skill      XL: |  1  2  3  4  5 |
---------------+----------------+-----
Axes           | 3 4 5 |  5.8
Fighting       | 4 |  4.7
Shields        | 4 |  4.4
Armour         | 4 |  4.1
Dodging        | 1 |  1.2

Action                   |  1- 3 |  4- 6 || total
-------------------------+-------+-------++-------
Melee: War axe           |    98 |   205 ||   303
Invok: Convert to Beogh  |       |     1 ||     1
  Eat: Chunk             |     2 |     4 ||     6
Armor: Scale mail        |    49 |    12 ||    61
       Chain mail        |       |   113 ||   113
Dodge: Dodged            |    23 |    35 ||    58
Block: Shield            |    46 |    95 ||   141
